 Dungeon Crawl Stone Soup version 0.30-a0-341-g682706514a (webtiles) character file.

Game seed: 16685828774005656507

753 Elric the Spear-Bearer (level 7, -9/56 HPs)
             Began as a Merfolk Gladiator on Nov 2, 2022.
             Mangled by an orc warrior
             ... wielding a +0 battleaxe
              (11 damage)
             ... on level 5 of the Dungeon.
             The game lasted 00:08:41 (4652 turns).

Elric the Spear-Bearer (Merfolk Gladiator)          Turns: 4652, Time: 00:08:41

Health: -9/56      AC:  5    Str: 16    XL:     7   Next: 79%
Magic:  20/20      EV: 13    Int:  8    God:
Gold:   279        SH:  0    Dex: 15    Spells: 9/12 levels left

rFire   . . .      SeeInvis .    a - +0 trident
rCold   . . .      Faith    +    (no shield)
rNeg    . . .      Spirit   .    b - +0 leather armour
rPois   +          Reflect  .    c - +0 helmet
rElec   .          Harm     .    (no cloak)
rCorr   .          Rampage  .    i - +0 pair of gloves
Will    .....                    (no boots)
Stlth   +.........               j - amulet of faith
HPRegen 0.29/turn                t - ring of poison resistance
MPRegen 0.17/turn                q - ring of magical power

@: confused, ambrosia-drunk
A: (nimble swimmer 2), mertail
a: no special abilities


You were on level 5 of the Dungeon.
You visited 1 branch of the dungeon, and saw 6 of its levels.

You collected 279 gold pieces.

Inventory:

Hand Weapons
 a - a +0 trident (weapon)
Missiles
 d - 3 throwing nets (quivered)
 e - a javelin
Armour
 b - a +0 leather armour (worn)
 c - a +0 helmet (worn)
 i - a +0 pair of gloves (worn)
Jewellery
 j - an amulet of faith (around neck)
 q - a ring of magical power (right hand)
 t - a ring of poison resistance (left hand)
 y - a ring of positive energy
Wands
 r - a wand of charming (5)
Scrolls
 f - 6 scrolls of identify
 g - 3 scrolls of poison {unknown}
 h - 3 scrolls of noise {unknown}
 k - a scroll of silence {unknown}
 l - 2 scrolls of enchant weapon {unknown}
 n - 3 scrolls of teleportation
 o - 2 scrolls of immolation {unknown}
 p - a scroll of butterflies {unknown}
 s - 4 scrolls of enchant armour {unknown}
 u - 2 scrolls of magic mapping {unknown}
 v - a scroll of fear {unknown}
 B - a scroll of vulnerability {unknown}
Potions
 m - 2 potions of brilliance {unknown}
 w - 2 potions of flight
 x - a potion of might {unknown}


   Skills:
 + Level 5.1 Fighting
 * Level 8.9 Polearms
 - Level 2.0 Throwing
 - Level 4.0 Dodging
 + Level 3.1 Spellcasting
 + Level 1.0 Ice Magic


You had 9 spell levels left.
You knew the following spells:

 Your Spells              Type           Power      Damage    Failure   Level
a - Ozocubu's Armour      Ice            2%         N/A       61%         3

Your spell library contained the following spells:

 Spells                   Type           Power      Damage    Failure   Level
 Metabolic Englaciation   Hex/Ice        1%         N/A       100%        5
 Simulacrum               Ice/Necr       1%         N/A       100%        6


Dungeon Overview and Level Annotations

Branches:
Dungeon (6/15)
 Temple: D:4-7

Altars:
Fedhas
Gozag
Makhleb

Annotations:
D:5 1 runed translucent door, choppaz's ghost, novice GrHu


Innate Abilities, Weirdness & Mutations

((You are very nimble when in or above water. (Stealth+, EV+, Speed+++)))
Your lower body shifts to a powerful aquatic tail in water.


Message History

You are too injured to fight recklessly!
You are too injured to fight recklessly!
You are too injured to fight recklessly!
You feel much better. The orc hits you with a +0 club.
Reach: a) +0 trident
Press: ? - help, Dir - move target, f/p - orc warrior
Aim: an orc warrior, wielding a +0 battleaxe and wearing a +0 plate armour (lightly wounded, about 36% to evade your +0 trident)
The orc is in the way.
You hit the orc but do no damage. The orc barely misses you.
Reach: a) +0 trident
Press: ? - help, Dir - move target, f/p - orc warrior
Aim: an orc warrior, wielding a +0 battleaxe and wearing a +0 plate armour (lightly wounded, about 36% to evade your +0 trident)
The orc is in the way.
You puncture the orc!
You kill the orc!
Your Ice Magic skill increases to level 1!
You barely miss the orc warrior.
The orc warrior is lightly wounded.
The orc warrior closely misses you.
You closely miss the orc warrior.
The orc warrior is lightly wounded.
The orc warrior hits you with a +0 battleaxe!
You hit the orc warrior.
The orc warrior is lightly wounded.
You barely miss the orc warrior.
The orc warrior is lightly wounded.
The orc warrior hits you with a +0 battleaxe!
You hit the orc warrior.
The orc warrior is moderately wounded.
The orc warrior barely misses you.
You hit the orc warrior.
The orc warrior is moderately wounded.
The orc warrior hits you with a +0 battleaxe!
* * * LOW HITPOINT WARNING * * *
You are confused.
You feel invigorated.
The orc warrior hits you with a +0 battleaxe!
* * * LOW HITPOINT WARNING * * *
The orc warrior attacks as you move away!
The orc warrior hits you with a +0 battleaxe!
You die...

#+##.....#####.#########.
.........##...†...##.....
........##..............
#.#......##.##.#..##...>.
#........##.##.#..######.
#......##.##.#..# #. #)#
#.##.#..######.
#o###..............
#)@..>....##.#####.
#.........##.##....
#..###...###.##.##.
#.###..# #...###.......
#......###†........(...
#####......†####.<#....
#.#####.####..#....
#.......##.........
#######.##.#..###..


You could see an orc warrior.

Vanquished Creatures
  A phantom (D:4)
  3 scorpions
  A jelly (D:4)
  A gnoll bouda (D:4)
  3 orc priests
  An iguana (D:5)
  Ijyb (D:3)
  2 orc wizards (D:5)
  4 gnolls (D:4)
  7 adders
  A dart slug (D:4)
  4 worms
  18 orcs
  7 endoplasms
  4 giant cockroaches
  9 goblins
  10 hobgoblins
  5 jackals
  4 quokkas
  3 ball pythons
  7 bats
  A frilled lizard (D:2)
  6 kobolds
  A rat (D:1)
104 creatures vanquished.

Vanquished Creatures (others)
  An orc wizard (D:5)
1 creature vanquished.

Grand Total: 105 creatures vanquished

Notes
Turn   | Place    | Note
-------+----------+-------------------------------------------
     0 | D:1      | Elric the Merfolk Gladiator began the quest for the Orb.
     0 | D:1      | Reached XP level 1. HP: 16/16 MP: 1/1
    76 | D:1      | Reached XP level 2. HP: 20/23 MP: 2/2
   377 | D:1      | Reached skill level 5 in Polearms
   400 | D:1      | Reached XP level 3. HP: 26/28 MP: 3/3
   637 | D:2      | Found a burning altar of Makhleb.
   904 | D:2      | Reached XP level 4. HP: 23/35 MP: 4/4
  1247 | D:3      | Reached skill level 6 in Polearms
  1266 | D:3      | Reached skill level 1 in Spellcasting
  1266 | D:3      | Reached XP level 5. HP: 8/41 MP: 6/6
  1593 | D:3      | Noticed Ijyb
  1606 | D:3      | Killed Ijyb
  1822 | D:3      | Found Byssog's Magic Scroll Boutique.
  1850 | D:3      | Found an opulent altar of Gozag.
  1858 | D:3      | You fall into a shaft and drop 3 floors!
  1883 | D:6      | Reached skill level 7 in Polearms
  1883 | D:6      | Reached XP level 6. HP: 28/48 MP: 8/8
  2010 | D:6      | Found a blossoming altar of Fedhas.
  2019 | D:5      | Entered Level 5 of the Dungeon
  2123 | D:4      | HP: 1/48 [gnoll/+0 whip[a gnoll bouda] (7)]
  2827 | D:3      | Found a burning altar of Makhleb.
  3425 | D:4      | Reached XP level 7. HP: 39/55 MP: 10/10
  3437 | D:4      | Reached skill level 8 in Polearms
  4329 | D:5      | Learned a level 3 spell: Ozocubu's Armour
  4413 | D:5      | Reached skill level 5 in Fighting
  4629 | D:5      | Found a runed translucent door.
  4630 | D:5      | Noticed choppaz's ghost (novice GrHu)
  4644 | D:5      | Reached skill level 1 in Ice Magic
  4651 | D:5      | HP: 2/56 [orc warrior/+0 battleaxe (14)]
  4652 | D:5      | Mangled by an orc warrior

Illustrated notes

Levels and vault maps discovered:
D:1:      nicolae_arrival_memento_mori, layout_rooms, minivault_26
D:2:      layout_rooms, basic_altar, reono_crystal_passage,
          mrwooster_statue_mirror
D:3:      layout_loops_corners, lemuel_coloured_pillars_altar,
          mainiacjoe_overflow_24_doors, serial_shops, nicolae_shop_stone,
          grunt_ministairs_6, uniq_ijyb
D:4:      layout_basic
D:5:      layout_loops_cross, nemelex_dance_club_becter, vehumet_statue,
          gammafunk_ghost_grave, serial_shops, shop, goddamned_bats
D:6:      layout_basic, fedhas_ov_isle_minmay, kennysheep_mini_moat,
          minmay_temple_entry_stoned_glass, gammafunk_ghost_nasty_kobolds,
          uniq_edmund

Skill      XL: |  1  2  3  4  5  6  7 |
---------------+----------------------+-----
Polearms       | 5 6 7 8 |  8.9
Fighting       | 3 4 5 |  5.1
Spellcasting   | 1 2 3 |  3.1
Ice Magic      | 1 |  1.0
Throwing       | |  2.0
Dodging        | |  4.0

Action                   |  1- 3 |  4- 6 |  7- 9 || total
-------------------------+-------+-------+-------++-------
Melee: Trident           |   139 |   152 |   156 ||   447
       Punch             |     1 |     2 |     1 ||     4
  Use: Potion            |       |    10 |     2 ||    12
       Scroll            |       |     2 |       ||     2
 Stab: Sleeping          |     1 |     1 |     1 ||     3
Armor: Leather armour    |    31 |    16 |    26 ||    73
Dodge: Dodged            |    79 |    94 |    55 ||   228

Table legend: (Time is in decaauts)
 A = Elapsed time spent in this place.
 B = Non-inter-level travel time spent in this place.
 C = Inter-level travel time spent in this place.
 D = Time resting spent in this place.
 E = Time spent auto-exploring this place.
 F = Levels seen in this place.
 G = Mean time per level.
                   A        B        C        D        E       F      G
               +--------+--------+--------+--------+--------+-----+--------+
         Total |   4637 |   4409 |    228 |    737 |   2775 |   6 |  772.8 |
       Dungeon |   4637 |   4409 |    228 |    737 |   2775 |   6 |  772.8 |
               +--------+--------+--------+--------+--------+-----+--------+

Top non-repeatable levels by time:
     D:4: 1435 daAuts
     D:3: 1193 daAuts
     D:2: 815 daAuts
     D:1: 559 daAuts
     D:5: 475 daAuts
     D:6: 159 daAuts
